 Dungeon Crawl Stone Soup version 0.25.1-2-g60ff931df9 (console) character file.

Game seed: 7022581248123882480

52 Colgate the Gusty (level 3, 19/19 HPs)
             Began as a Tengu Air Elementalist on Aug 27, 2020.
             Quit the game on level 2 of the Dungeon.
             The game lasted 00:16:42 (1199 turns).

Colgate the Gusty (Tengu Air Elementalist)          Turns: 1199, Time: 00:16:43

Health: 19/19      AC:  3    Str:  8    XL:     3   Next: 85%
Magic:  7/7        EV: 12    Int: 16    God:
Gold:   43         SH:  0    Dex: 14    Spells: 2/6 levels left

rFire    . . .     SeeInvis .   i - +0 short sword
rCold    . . .     Gourm    .   (no shield)
rNeg     . . .     Faith    .   a - +0 robe
rPois    .         Spirit   .   (helmet restricted)
rElec    .         Reflect  .   n - +0 cloak
rCorr    .         Harm     .   (no gloves)
MR       .....                  (boots unavailable)
Stlth    ++........             (no amulet)
HPRegen  0.06/turn              (no ring)
MPRegen  0.10/turn              (no ring)

@: no status effects
A: beak, talons 3
a: no special abilities


You were on level 2 of the Dungeon.
You were not hungry.

You visited 1 branch of the dungeon, and saw 2 of its levels.

You collected 43 gold pieces.

Inventory:

Hand Weapons
 i - a +0 short sword (weapon)
Missiles
 j - 10 poisoned darts (quivered)
 k - 12 stones
 o - 28 arrows
Armour
 a - a +0 robe (worn)
 d - a +0 leather armour
 l - a scarf of invisibility
 n - a +0 cloak (worn)
Scrolls
 b - 2 scrolls of teleportation {unknown}
 e - 3 scrolls of identify {unknown}
 h - a scroll of remove curse {unknown}
 m - a scroll of enchant armour {unknown}
Potions
 g - a potion of ambrosia {unknown}
Comestibles
 c - 2 rations
 f - 2 chunks of flesh


   Skills:
 - Level 2.1 Dodging
 - Level 2.0 Stealth
 - Level 2.0 Spellcasting
 + Level 1.6 Conjurations
 - Level 6.1 Air Magic


You had 2 spell levels left.
You knew the following spells:

 Your Spells              Type           Power        Failure   Level  Hunger
a - Shock                 Conj/Air       ##..         4%          1    #......
b - Static Discharge      Conj/Air       ##......     13%         3    ###....

Your spell library contained the following spells:

 Spells                   Type           Power        Failure   Level  Hunger
 Swiftness                Chrm/Air       ##......     9%          2    ###....
 Airstrike                Air            ###.......   17%         4    #####..
 Lightning Bolt           Conj/Air       ##........   75%         5    ######.


Dungeon Overview and Level Annotations

Branches:
Dungeon (2/15)

Altars:
Cheibriados


Innate Abilities, Weirdness & Mutations

You have a beak for a mouth.
You have claws for feet.


Message History

The worm is heavily wounded.
You hit the worm.
The worm is severely wounded.
You hit the worm. You claw the worm.
The worm is almost dead.
You kill the worm!
Your magical contamination has completely faded away.
You butcher the worm corpse.
f - 2 chunks of flesh Eating one of 2 chunks of flesh.
You eat one of the 2 chunks of flesh.
This raw flesh tastes terrible.
You butcher the adder corpse.
f - 2 chunks of flesh (gained 1)
You see here an adder skeleton. x2
Found a robe.
j - 10 poisoned darts (gained 2)
Found a snail-covered altar of Cheibriados.
e - 3 scrolls labeled KIOMNA KATTEDAG (gained 1)
You see here a robe.
There is a snail-covered altar of Cheibriados here.
Are you sure you want to abandon this character and quit the game? (Confirm with "yes".)

#.# #.................#
#. #.#
#..##########.###.# #. #
#.# #..# ########.# #.#
#. #.#.# #..###........#
#.# #.
#.#.######......######.#
#.# #.
#..........###########.#
#.####.
###.#########..........#
#......
#...##################
####### ##.##...#...##
#.#รท.......[##
#...........@#
###.........##
##...#...## #########


There were no monsters in sight!

Vanquished Creatures
  3 adders (D:2)
  A worm (D:2)
  A dart slug (D:1)
  2 leopard geckos
  4 hobgoblins (D:1)
  A ball python (D:1)
  2 bats
  4 frilled lizards (D:1)
  3 kobolds
  3 rats
24 creatures vanquished.

Notes
Turn   | Place    | Note
-------+----------+-------------------------------------------
     0 | D:1      | Colgate the Tengu Air Elementalist began the quest for the
                  | Orb.
     0 | D:1      | Reached XP level 1. HP: 10/10 MP: 4/4
   223 | D:1      | Reached XP level 2. HP: 15/15 MP: 0/6
   523 | D:1      | Reached skill level 5 in Air Magic
   898 | D:2      | Reached XP level 3. HP: 19/19 MP: 2/7
   999 | D:2      | Learned a level 3 spell: Static Discharge
  1072 | D:2      | Reached skill level 6 in Air Magic
  1189 | D:2      | Found a snail-covered altar of Cheibriados.
  1199 | D:2      | Quit the game

Illustrated notes

Levels and vault maps discovered:
D:1:      zelgadis_glass_arrival_small, layout_basic
D:2:      minmay_evil_eye, layout_loops_ring, marbit_many_paths,
          old_standard_altar, serial_bayou, serial_bayou_pond_d,
          serial_bayou_lagoon_a, serial_bayou_pond_d, serial_bayou_pond_a

Skill      XL: |  1  2  3 |
---------------+----------+-----
Air Magic      | 5 6 |  6.1
Dodging        | |  2.1
Stealth        | |  2.0
Spellcasting   | |  2.0
Conjurations   | |  1.6

Action                   || total
-------------------------++-------
Melee: Short sword       ||     3
       Kick              ||     1
Throw: Dart              ||     2
 Cast: Shock             ||    47
       Static Discharge  ||     1
 Stab: Sleeping          ||     1
  Eat: Chunk             ||     2
Armor: Leather armour    ||     2
Dodge: Dodged            ||     3
